 Seeded DCSS version 0.31-a0-246-g8cbcc1cb85 (webtiles) character file.

Game seed: 14215367866634240820 (custom seed)

3008 innerfire43 the Trooper (level 9, -4/71 HPs)
             Began as a Demonspawn Monk on July 12, 2023.
             Slain by a yak (11 damage)
             ... on level 7 of the Dungeon.
             The game lasted 00:10:08 (5485 turns).

innerfire43 the Trooper (Demonspawn Monk)           Turns: 5485, Time: 00:10:09

Health: -4/71      AC: 10    Str: 15    XL:     9   Next: 54%
Magic:  13/13      EV: 14    Int: 15    God:
Gold:   160        SH:  8    Dex: 16    Spells: 13/13 levels left

rFire   + . .        M - +0 broad axe (heavy)
rCold   . . .        d - orb {light}
rNeg    . . .        v - +4 troll leather armour {Pargi}
rPois   +            (helmet restricted)
rElec   .            s - scarf of Hairiness {shadows, -Tele rF+ Int+3}
rCorr   +            (no gloves)
SInv    .            q - +0 pair of boots
Will    .....        (no amulet)
Stlth   +            y - ring of resist corrosion
HPRegen 1.11/turn    C - ring of poison resistance
MPRegen 0.13/turn

%: no teleportation
@: glowing
A: horns 1, large bone plates 1, demonic guardian 2, condensation shield
a: no special abilities


You were on level 7 of the Dungeon.
You visited 1 branch of the dungeon, and saw 8 of its levels.
You also visited: Sewer.

You collected 380 gold pieces.
You spent 220 gold pieces at shops.

Inventory:

Hand Weapons
 a - a +0 hand axe
 o - a +0 war axe
 F - a +1 war axe of flaming
 M - a +0 heavy broad axe (weapon)
Missiles
 h - 5 silver javelins (quivered)
Armour
 b - a +0 robe
 d - an orb of light (worn)
 g - a +0 scale mail
 j - a +0 chain mail
 l - a +2 helmet
 q - a +0 pair of boots (worn)
 s - the scarf of Hairiness (worn) {shadows, -Tele rF+ Int+3}
   (You acquired it on level 6 of the Dungeon)

   Int:       It affects your intelligence (+3).
   rF:        It protects you from fire.
   -Tele:     It prevents most forms of teleportation.
 v - a +4 troll leather armour (worn) {Pargi}
Jewellery
 y - a ring of resist corrosion (left hand)
 C - a ring of poison resistance (right hand)
 H - a ring of see invisible
 N - a ring of flight
Talismans
 B - a serpent talisman
Wands
 k - a wand of quicksilver (17)
 u - a wand of mindburst (19)
 w - a wand of roots (19)
 x - a wand of polymorph (26)
 E - a wand of paralysis (13)
Scrolls
 c - 2 scrolls of fog {unknown}
 e - 2 scrolls of enchant weapon {unknown}
 n - 3 scrolls of poison
 p - 2 scrolls of vulnerability {unknown}
 r - a scroll of torment
 t - 4 scrolls of identify
 G - a scroll of summoning {unknown}
 I - a scroll of fear {unknown}
 K - a scroll of blinking
Potions
 f - 3 potions of curing
 i - 2 potions of attraction {unknown}
 m - a potion of berserk rage {unknown}
 z - a potion of lignification {unknown}
 A - a potion of degeneration {unknown}
 D - 2 potions of haste {unknown}
 J - 2 potions of brilliance {unknown}
 L - a potion of might {unknown}


   Skills:
 + Level 6.6 Fighting
 + Level 5.3 Axes
 - Level 5.6 Armour
 - Level 5.0 Dodging
 - Level 2.7 Spellcasting
 * Level 4.9 Shapeshifting


You had 13 spell levels left.
You didn't know any spells.
Your spell library contained the following spells:

 Spells                   Type           Power      Damage    Failure   Level
 Apportation              Tloc           4%         N/A       24%         1
 Necrotise                Necr           8%         1d4       24%         1
 Sandblast                Erth           4%         2d4       24%         1
 Summon Small Mammal      Summ           8%         N/A       24%         1
 Passwall                 Tmut/Erth      1%         N/A       36%         2
 Sublimation of Blood     Necr           2%         N/A       36%         2
 Gell's Gravitas          Tloc           2%         N/A       58%         3
 Stone Arrow              Conj/Erth      4%         3d7       58%         3
 Teleport Other           Tloc           2%         N/A       58%         3
 Petrify                  Tmut/Erth      2%         N/A       94%         4
 Irradiate                Conj/Tmut      1%         3d12      100%        5
 Dispersal                Tloc           1%         N/A       100%        6


Dungeon Overview and Level Annotations

Branches:
Dungeon (8/15)             Temple (0/1) D:7           Sewer (visited)
   Lair: D:8-11

Altars:

Shops:
D:4 [   D:5 *   D:7 *


Innate Abilities, Weirdness & Mutations

You have a pair of small horns on your head.
You are partially covered in large bone plates. (SH +4)
A demonic guardian rushes to your aid.
A meltable shield of frost defends you. (SH +4)


Message History

You barely miss the steam dragon. You headbutt the steam dragon.
The steam dragon is lightly wounded.
The steam dragon breathes steam at you. The ball of steam misses you.
The steam dragon barely misses you. You block the steam dragon's attack.
You slash the steam dragon!
The steam dragon is heavily wounded.
The steam dragon bites you but does no damage.
The steam dragon barely misses you. The yak gores you!
You block the steam dragon's attack. The steam dragon closely misses you.
You slash the steam dragon!
The steam dragon is almost dead.
You slash the yak! x2; You hit the yak but do no damage.
The steam dragon bites you. You block the steam dragon's attack.
The yak gores you. The yak gores you but does no damage.
The yak completely misses you. The steam dragon misses you.
The steam dragon claws you but does no damage.
You hit the steam dragon.
The steam dragon is almost dead.
You hit the yak. You slash the yak! x2; You hit the yak.
The yak gores you but does no damage. You block the yak's attack.
The steam dragon breathes steam at you. The ball of steam misses you.
The yak gores you but does no damage.
You block the yak's attack. x2; The yak misses you.
The yak gores you but does no damage. The steam dragon bites you.
The steam dragon barely misses you. The yak gores you! x2
You slice the yak!!
You kill the yak!
You slash the yak! x4; You hit the steam dragon.
The yak gores you. The yak gores you! You block the yak's attack.
The steam dragon barely misses you. You block the steam dragon's attack.
The yak barely misses you. You block the steam dragon's attack.
The steam dragon barely misses you. The yak barely misses you.
The yak gores you!
* * * LOW HITPOINT WARNING * * *
The yak closely misses you. The yak gores you!
* * * LOW HITPOINT WARNING * * *
A demonic guardian appears!
The yak attacks as you move away! The yak gores you!
You die...

###.#.## .#....
..#.#..# ........
.(####'### .........
..##.....# .........
...#.⌠.⌠.######........
...+..>..'...##........
...#.⌠.⌠.###..§..4.....
####.....# ####§†Y...>.
###'### #§@Y..... ##
#...# #YYD..... .###
##.## #..$..... ...#
#.# #........ #[.## #)#
#........ #[..###.#
#........ #.......#
#.........# ###[#..##
#.# ###....# #.# ##


You could see 4 yaks, a steam dragon (catching breath) and a friendly hellwing
(summoned).

Vanquished Creatures
  Pikel (D:7)
  Maggie (D:7)
  A yak (D:7)
  Duvessa (D:7)
  Pargi (Sewer)
  An ice beast (D:7)
  2 sky beasts
  2 black bears
  An orc warrior (D:7)
  A phantom (D:5)
  3 scorpions
  6 wights
  Dowan (D:7)
  5 hounds
  2 iguanas
  Terence (D:3)
  An orc wizard (D:6)
  3 gnolls (D:2)
  3 adders
  2 white imps
  2 worms
  2 dart slugs
  12 orcs
  9 ball pythons
  10 endoplasms
  8 giant cockroaches
  8 goblins
  6 hobgoblins
  5 jackals (D:1)
  8 kobolds
  10 quokkas
  5 bats
  6 frilled lizards
  4 rats
134 creatures vanquished.

Vanquished Creatures (collateral kills)
  A water moccasin (D:5)
  2 wights (D:7)
  An orc priest (D:3)
  Ijyb (D:4)
  An iguana (D:5)
  An adder (D:4)
  A gnoll (D:2)
  2 orcs (D:3)
  A goblin (D:1)
  A jackal (D:1)
  A ball python (D:4)
13 creatures vanquished.

Grand Total: 147 creatures vanquished

Notes
Turn   | Place    | Note
-------+----------+-------------------------------------------
     0 | D:1      | innerfire43 the Demonspawn Monk began the quest for the
                  | Orb.
     0 | D:1      | Reached XP level 1. HP: 18/18 MP: 1/1
    52 | D:1      | Gained mutation: A weak demonic guardian rushes to your
                  | aid. [demonic ancestry]
    52 | D:1      | Reached XP level 2. HP: 8/24 MP: 2/2
   442 | D:1      | Reached XP level 3. HP: 23/29 MP: 3/3
   763 | D:1      | Reached skill level 1 in Armour
  1294 | D:2      | Gained mutation: A demonic guardian rushes to your aid.
                  | [demonic ancestry]
  1294 | D:2      | Reached XP level 4. HP: 32/35 MP: 4/4
  1791 | D:3      | Reached XP level 5. HP: 11/41 MP: 5/5
  2338 | D:3      | Noticed Terence
  2345 | D:3      | Killed Terence
  2592 | D:4      | Found Junwutirr's Armour Shoppe.
  2679 | D:4      | Found a glowing drain.
  2697 | Sewer    | Entered a sewer
  2735 | Sewer    | Noticed Pargi
  2755 | Sewer    | Killed Pargi
  2756 | Sewer    | Reached XP level 6. HP: 24/47 MP: 6/6
  3045 | D:4      | Noticed Ijyb
  3057 | D:4      | Killed Ijyb
  3724 | D:5      | Entered Level 5 of the Dungeon
  3771 | D:5      | Reached skill level 1 in Spellcasting
  3771 | D:5      | Gained mutation: A meltable shield of frost defends you.
                  | (SH +4) [demonic ancestry]
  3771 | D:5      | Reached XP level 7. HP: 47/52 MP: 8/8
  4254 | D:5      | Reached skill level 4 in Fighting
  4397 | D:5      | Found Ucuimn's Serpentskin Sales.
  4413 | D:5      | Reached skill level 5 in Armour
  4413 | D:5      | Gained mutation: You are partially covered in large bone
                  | plates. (SH +4) [demonic ancestry]
  4413 | D:5      | Reached XP level 8. HP: 23/60 MP: 11/11
  4418 | D:5      | Bought a ring of poison resistance for 220 gold pieces
  4458 | D:5      | Identified a scroll of acquirement
  4564 | D:6      | You fall into a shaft and drop 2 floors!
  4591 | D:7      | Reached skill level 5 in Axes
  4599 | D:7      | HP: 3/60 [wight/+0 scimitar (3)]
  4700 | D:6      | Reached skill level 5 in Dodging
  4711 | D:6      | Identified the +1 long sword "Demon's Foe" {pain, *Slow
                  | rPois Str-4 Int+5}
  4789 | D:6      | Acquired the scarf of Hairiness {shadows, -Tele rF+ Int+3}
  5042 | D:7      | Reached skill level 1 in Shapeshifting
  5063 | D:6      | Reached skill level 5 in Fighting
  5102 | D:7      | Noticed Dowan
  5103 | D:7      | Noticed Duvessa
  5111 | D:7      | Killed Duvessa
  5131 | D:7      | Killed Dowan
  5231 | D:7      | Gained mutation: You have a pair of small horns on your
                  | head. [demonic ancestry]
  5231 | D:7      | Reached XP level 9. HP: 68/68 MP: 13/13
  5272 | D:7      | Found Jeemya's Assorted Antiques.
  5363 | D:7      | Noticed Maggie
  5371 | D:7      | Killed Maggie
  5372 | D:7      | Reached skill level 6 in Fighting
  5408 | D:7      | Noticed Pikel
  5417 | D:7      | Killed Pikel
  5457 | D:7      | Found a staircase to the Ecumenical Temple.
  5485 | D:7      | Slain by a yak

Illustrated notes

Levels and vault maps discovered:
D:1:      dpeg_arrival_castle, layout_basic, serial_forest,
          infiniplex_forest_straight_2, infiniplex_forest_straight_3,
          infiniplex_forest_clump_double, infiniplex_forest_lined_1,
          infiniplex_forest_clump_small, infiniplex_forest_straight_2,
          infiniplex_forest_lined_3_way
D:2:      layout_rooms
D:3:      layout_basic, general_overflow_altar, uniq_terence
D:4:      minmay_chambers_of_fours, layout_loops_ring, gup_sewer_entry_pipe,
          serial_shops, shop, uniq_ijyb
D:5:      layout_basic, guppyfry_shop_venom
D:6:      layout_rooms
D:7:      layout_rooms, minmay_temple_entry_hall, serial_shops,
          nicolae_shop_overgrown_old_shop, uniq_pikel, uniq_maggie, uniq_duvessa
D:8:      layout_cave_pools

Skill      XL: |  1  2  3  4  5  6  7  8  9 |
---------------+----------------------------+-----
Axes           | 3 4 5 |  5.3
Dodging        | 3 4 5 |  5.0
Armour         | 1 2 3 4 5 |  5.6
Spellcasting   | 1 2 |  2.7
Fighting       | 4 5 6 |  6.6
Shapeshifting  | 3 4 |  4.9

Action                     |  1- 3 |  4- 6 |  7- 9 || total
---------------------------+-------+-------+-------++-------
  Melee: Hand axe          |    86 |    71 |       ||   157
         War axe           |       |   142 |   172 ||   314
         Broad axe         |       |       |    14 ||    14
         Headbutt          |       |       |     6 ||     6
  Throw: Javelin           |     1 |       |     1 ||     2
    Use: Potion            |     2 |       |     2 ||     4
         Scroll            |       |       |    12 ||    12
   Stab: Distracted        |       |     1 |       ||     1
 Armour: Robe              |     7 |       |       ||     7
         Scale mail        |    11 |       |       ||    11
         Chain mail        |    27 |    99 |       ||   126
         Troll leather arm |       |    34 |    85 ||   119
  Dodge: Dodged            |    81 |   116 |   144 ||   341
  Block: Orb               |       |       |    61 ||    61

Table legend: (Time is in decaauts)
 A = Elapsed time spent in this place.
 B = Non-inter-level travel time spent in this place.
 C = Inter-level travel time spent in this place.
 D = Time resting spent in this place.
 E = Time spent auto-exploring this place.
 F = Levels seen in this place.
 G = Mean time per level.
                   A        B        C        D        E       F      G
               +--------+--------+--------+--------+--------+-----+--------+
         Total |   5617 |   5202 |    415 |      0 |   3996 |   9 |  624.1 |
       Dungeon |   5370 |   4955 |    415 |      0 |   3829 |   8 |  671.2 |
         Sewer |    247 |    247 |      0 |      0 |    167 |   1 |  247.0 |
               +--------+--------+--------+--------+--------+-----+--------+

Top non-repeatable levels by time:
     D:1: 1189 daAuts
     D:4: 952 daAuts
     D:3: 937 daAuts
     D:5: 780 daAuts
     D:6: 539 daAuts
     D:7: 481 daAuts
     D:2: 469 daAuts
   Sewer: 247 daAuts
     D:8: 20 daAuts
